 Dungeon Crawl Stone Soup version 0.19.1-1-g22dce08 (webtiles) character file.

887371 Alarkh the Executioner (level 27, -26/226 HPs)
             Began as a Demonspawn Monk on Jan 14, 2017.
             Was a High Priest of Makhleb.
             Killed from afar by Lom Lobon (41 damage)
             ... with a great icy blast
             ... in Pandemonium.
             The game lasted 04:54:20 (91977 turns).

Alarkh the Executioner (Demonspawn Monk)           Turns: 91977, Time: 04:54:21

Health: -26/226    AC: 43    Str: 29      XL:     27
Magic:  6/39       EV: 24    Int: 18 (22) God:    Makhleb [*****.]
Gold:   7358       SH: 28    Dex: 19      Spells: 6 memorised, 19 levels left

rFire  + + .     SeeInvis +     w - +8 mithril axe "Arga" {speed, MR+}
rCold  + + +     Gourm    .     u - +7 ice dragon scales
rNeg   + + +     Faith    .     m - +4 large shield of Noon {*Drain rF+ rC+ Dex+5}
rPois  +         Spirit   .     (helmet unavailable)
rElec  +         Reflect  .     L - +2 cloak {MR+}
rCorr  +         Harm     .     J - +2 pair of gloves {Str+3}
MR     ++++.                    T - +2 pair of boots of the Assassin {DetectMon Stab+ Stlth++}
Stlth  ++++++++..               o - amulet of the Oracle {rF+ Regen+ Str+4}
                                g - ring of Roicuhub {rElec rN+ Str+6}
                                V - ring "Agic" {rPois rN+ AC+4 Str+3 Dex-3}

@: about to teleport, frozen, flying (expiring), very slightly contaminated,
repel missiles, very slow
A: antennae 3, yellow scales 3, fire resistance 1, ignite blood, negative energy
resistance 1, nightstalker 3, 50% torment resistance, black mark, flame cloud
immunity
a: Minor Destruction, Lesser Servant of Makhleb, Major Destruction, Greater
Servant of Makhleb, Renounce Religion
}: 7/15 runes: decaying, slimy, silver, golden, abyssal, demonic, gossamer


You were in Pandemonium.
You worshipped Makhleb.
Makhleb was extremely pleased with you.
You were hungry.

You visited 13 branches of the dungeon, and saw 57 of its levels.
You visited Pandemonium 2 times, and saw 16 of its levels.
You visited the Abyss 2 times.
You visited 1 bazaar.
You also visited: Trove, Ossuary, Ice Cave, Wizlab and Desolation.

You collected 12847 gold pieces.
You spent 5489 gold pieces at shops.

Inventory:

Hand Weapons
 a - the +10 broad axe "Hell-Harrower" {flame, rF+}
   (Okawaru gifted it to you on level 3 of the Tomb of the Ancients)

   It has been specially enchanted to burn those struck by it, causing extra
   injury to most foes and up to half again as much damage against particularly
   susceptible opponents.
   Big, fiery blades are also staple armaments of hydra-hunters.
   It protects you from fire.
 b - the +8 broad axe of Strategic Superiority {chop, rF+ Str+3}
   (You found it on level 5 of the Pits of Slime)

   It inflicts extra damage upon your enemies.
   It affects your strength (+3).
   It protects you from fire.
 f - the +10 broad axe of Infinite Pain {venom, +Fly}
   (You found it on level 5 of the Pits of Slime)

   It poisons the flesh of those it strikes.
   It lets you fly.
 w - the +8 mithril axe "Arga" (weapon) {speed, MR+}
   (You found it on level 2 of the Depths)

   Attacks with this weapon are significantly faster.
   It affects your resistance to hostile enchantments.
Armour
 m - the +4 large shield of Noon (worn) {*Drain rF+ rC+ Dex+5}
   (You took it off Mennas on level 3 of the Vaults)

   It affects your dexterity (+5).
   It protects you from fire.
   It protects you from cold.
   It causes draining when unequipped.
 u - +7 ice dragon scales (worn)
 J - a +2 pair of gloves of strength (worn)
 L - a +2 cloak of magic resistance (worn)
 T - the +2 pair of boots of the Assassin (worn) {DetectMon Stab+ Stlth++}
   (You found it in a treasure trove)

   It makes you much more stealthy.
Jewellery
 g - the ring of Roicuhub (right hand) {rElec rN+ Str+6}
   (You bought it in a shop on level 10 of the Dungeon)

   [ring of strength]

   It affects your strength (+6).
   It insulates you from electricity.
   It protects you from negative energy.
 o - the amulet of the Oracle (around neck) {rF+ Regen+ Str+4}
   (You bought it in a shop on level 3 of the Elven Halls)

   [amulet of regeneration]

   It affects your strength (+4).
   It protects you from fire.
   It increases your rate of regeneration.
 r - an uncursed amulet of rage
 s - the ring of Laotzab {rElec Str+4 Stlth+}
   (You found it in Pandemonium)

   [ring of stealth]

   It affects your strength (+4).
   It insulates you from electricity.
   It makes you more stealthy.
 V - the ring "Agic" (left hand) {rPois rN+ AC+4 Str+3 Dex-3}
   (You found it in the Desolation of Salt)

   [ring of protection]

   It affects your AC (+4).
   It affects your strength (+3).
   It affects your dexterity (-3).
   It protects you from poison.
   It protects you from negative energy.
Wands
 l - a wand of digging (6/24)
 x - a wand of teleportation (5/9)
 A - a wand of hasting (4/9)
 Q - a wand of disintegration (15/24)
Scrolls
 d - 13 scrolls of recharging
 e - 4 scrolls of identify
 h - 16 scrolls of remove curse
 j - 2 scrolls of summoning
 p - 4 scrolls of silence
 y - 7 scrolls of fog
 z - 2 scrolls of teleportation
 C - 9 scrolls of magic mapping
 D - 2 scrolls of amnesia
 E - 4 scrolls of fear
Potions
 i - 23 potions of curing
 k - 2 potions of heal wounds
 q - a potion of might
 F - a potion of ambrosia
 P - 4 potions of haste
 R - a potion of agility
 X - 5 potions of invisibility
Miscellaneous
 t - 5 phantom mirrors
Comestibles
 c - 19 bread rations
 n - a beef jerky


   Skills:
 - Level 20.5 Fighting
 * Level 26.8 Axes
 - Level 19.0 Armour
 - Level 18.8 Dodging
 * Level 11.3 Stealth
 * Level 19.5 Shields
 + Level 12.6 Spellcasting
 - Level 5.3 Charms
 + Level 12.4 Summonings
 + Level 6.6 Air Magic
 - Level 13.0 Invocations
 - Level 10.0 Evocations


You had 19 spell levels left.
You knew the following spells:

 Your Spells              Type           Power        Failure   Level  Hunger
a - Apportation           Tloc           ##........   24%         1    None
b - Dragon's Call         Summ           ######....   100%        9    #######
c - Shadow Creatures      Summ           N/A          21%         6    ######.
d - Repel Missiles        Chrm/Air       ####..       2%          2    None
e - Aura of Abjuration    Summ           ######....   3%          5    ####...
r - Tornado               Air            #####.....   100%        9    #######


Dungeon Overview and Level Annotations

Branches:
Dungeon (15/15)            Temple (1/1) D:7            Lair (6/6) D:8
  Swamp (4/4) Lair:3       Spider (4/4) Lair:2        Slime (5/5) Lair:5
    Orc (2/2) D:12            Elf (3/3) Orc:2        Vaults (5/5) D:14
  Crypt (3/3) Vaults:2       Tomb (3/3) Crypt:3      Depths (5/5) D:15
   Hell (1/1)                 Dis (0/7) Hell            Geh (0/7) Hell
    Coc (0/7) Hell            Tar (0/7) Hell            Zot (0/5) Depths:5

Altars:
Ashenzari
Cheibriados
Dithmenos
Elyvilon
Fedhas
Gozag
Hepliaklqana
Kikubaaqudgha
Makhleb
Nemelex Xobeh
Okawaru
Qazlal
Ru
Sif Muna
Trog
Uskayaw
Vehumet
Xom
Yredelemnul
Zin
The Shining One
Jiyva
Lugonu

Shops:
D:5 ?   D:10 =   D:12 }   D:14 [   Orc:2 ([*=   Elf:1 =   Elf:3 =   Vaults:3 (
Depths:1 *   Depths:3 [   Depths:5 ==}

Portals:
Hell: Depths:1 Depths:2 Depths:3 Depths:4 Depths:5
Abyss: Depths:3 Depths:4 Depths:5
Pandemonium: Depths:3
Ziggurat: Depths:1

Annotations:
Pan Lom Lobon


Innate Abilities, Weirdness & Mutations

You have a pair of large antennae on your head. (SInv)
You are completely covered in yellow scales. (AC +4, rCorr)
Your flesh is heat resistant. (rF+)
Your demonic aura causes spilled blood to erupt in flames.
You resist negative energy. (rN+)
You are completely attuned to the shadows.
You are somewhat able to resist unholy torments (1 in 2 success).
Your melee attacks may debilitate your foes.
You are immune to clouds of flame.


Message History

You chop Lom Lobon into pieces!!!
Lom Lobon looks weaker.
Lom Lobon is severely wounded.
You are engulfed in raging winds.
* * * LOW HITPOINT WARNING * * *
Lom Lobon gestures at you.
Lom Lobon conjures a mighty blast of ice!
The great icy blast engulfs you! You partially resist.
* * * LOW HITPOINT WARNING * * *
You are encased in ice.
You open Lom Lobon like a pillowcase!!!
Lom Lobon is severely wounded.
You are engulfed in freezing vapours.
You resist.
You hit Lom Lobon.
Lom Lobon is severely wounded.
You are engulfed in freezing vapours.
You resist.
* * * LOW HITPOINT WARNING * * *
Lom Lobon gestures at you.
Lom Lobon conjures a mighty blast of ice!
The great icy blast engulfs you! You partially resist.
You die...

≈≈...≈≈≈≈≈##..§.§§§§§##≈≈≈.≈...≈≈
≈≈≈..≈≈≈≈##.....§§§§§§##≈≈....≈≈≈
#≈≈...§≈≈#§.§§§§§§§§§..#≈.≈...≈≈#
#≈≈≈≈§§§##§§§§§§§§§§§§.##.≈.≈≈≈≈#
#≈≈≈≈§..#...§§§§§§§§§§§)#3...≈≈≈#
##≈≈.§......§§§§§§§§§§§).§.≈≈≈≈##
#≈≈≈§≈.....§§§§§§§§§§...§).≈≈≈#
##≈≈§≈...&.§§§§§&§§§§...§≈≈≈≈##
##≈§§§#...§§§§@§§§§§..#§≈≈≈##
##§§§##..§§§§§§§§§§.##≈≈≈## ##§≈
#..§§##§##§§§.#≈≈≈##
##.§##...##§§## #.#.... #§## {
###


You could see Lom Lobon.

Vanquished Creatures
  the Royal Jelly (Slime:5)
  Khufu (Tomb:1)
  The ghost of bananaglory the Conqueror, a legendary DDFi of Makhleb (Tomb:2)
  Mara (Depths:2)
  5 ancient liches
  Mennas (Vaults:3)
  A juggernaut (Depths:5)
  22 greater mummies
  Boris (Vaults:3)
  Saint Roka (Vaults:4)
  the Lernaean hydra (Swamp:4)
  Geryon (Hell)
  9 pandemonium lords (Pan)
  4 golden dragons
  A Brimstone Fiend (Pan)
  2 bone dragons
  3 Tzitzimimeh (Pan)
  9 liches
  4 tentacled monstrosities
  The ghost of bananaglory the Warrior, an adept DDFi of Makhleb (Elf:1)
  4 Hell Sentinels (Pan)
  6 deep elf blademasters
  7 deep elf master archers
  15 titans
  2 ancient champions
  An acid blob (shapeshifter) (Depths:2)
  Asterion (Spider:3)
  2 quicksilver dragons
  Murray (Hell)
  7 Executioners (Pan)
  22 acid blobs
  Frances (D:14)
  16 sphinxes
  4 thorn hunters
  6 shadow dragons
  Roxanne (Elf:2)
  The ghost of Mungo the Ninja, an adept SpAs of Okawaru (Elf:1)
  2 storm dragons
  Donald (Vaults:4)
  2 daevas
  The ghost of nikopol the Marksgargoyle, an adept GrBe of Trog (IceCv)
  13 tengu reavers
  10 revenants
  29 fire giants
  A ghost moth (shapeshifter) (Depths:2)
  6 cacodemons (Pan)
  A frost giant (shapeshifter) (Depths:2)
  8 deep elf sorcerers
  18 azure jellies
  24 frost giants
  14 vault wardens
  3 iron dragons (Vaults:5)
  7 emperor scorpions
  3 ghost moths
  2 imperial myrmidons (Desolation)
  A juggernaut zombie (Hell)
  A draconian zealot (Depths:5)
  Louise (Swamp:4)
  An orc warlord (Orc:2)
  9 warmongers (Pan)
  5 deep elf elementalists
  12 balrugs
  7 entropy weavers
  5 draconian annihilators
  An angel (Pan)
  10 ghouls
  15 blood saints (Pan)
  16 reapers
  2 curse skulls
  14 ironheart preservers
  32 very ugly things
  19 war gargoyles
  6 vampire knights
  23 stone giants
  5 green draconians
  15 lorocyprocas (Pan)
  11 bennus
  8 deep elf demonologists
  9 purple draconians (WizLab)
  10 deep elf annihilators
  6 corrupters (Pan)
  11 black suns (Pan)
  A red draconian (Depths:5)
  A dire elephant (Lair:6)
  2 yellow draconians
  A black draconian (Depths:5)
  The ghost of Lluna the Bewitcher, a journeyman SpEn of Gozag (Elf:1)
  12 spark wasps
  2 halazid warlocks (Desolation)
  A white draconian (Pan)
  9 statues (WizLab)
  A mottled draconian (Pan)
  15 mummy priests
  25 blizzard demons
  16 ettins
  4 eidola
  9 death oozes
  6 deep elf death magi
  15 ogre magi
  6 ragged hierophants (Desolation)
  16 green deaths
  A kraken zombie (Hell)
  10 fire dragons
  11 jiangshi
  A merfolk impaler (Depths:3)
  12 crystal guardians
  6 deep elf high priests
  Fannar (Lair:3)
  12 great orbs of eyes
  20 yaktaur captains
  16 ice dragons
  41 vault guards
  7 peacekeepers
  25 hydras
  5 servants of whispers (Desolation)
  11 rakshasas
  9 hell beasts (Pan)
  11 monstrous demonspawn (Pan)
  3 spriggan air magi
  A merfolk avatar (Lair:6)
  11 centaur warriors
  Erica (D:8)
  A catoblepas (Lair:5)
  2 juggernaut simulacra (Pan)
  3 ghost crabs
  50 dancing weapons
  6 hell hogs (Hell)
  7 alligators
  7 death knights
  48 death scarabs
  8 deep troll shamans
  6 tengu warriors
  3 queen ants (shapeshifter)
  A queen ant (Lair:3)
  6 deep troll earth magi
  A titan zombie (Tomb:3)
  2 small abominations (Elf:3)
  5 vampire magi
  14 sun demons
  4 spriggan berserkers
  7 orc high priests
  A storm dragon zombie (Abyss:2)
  A shock serpent (shapeshifter) (Depths:2)
  2 thrashing horrors (Abyss:3)
  2 spectral emperor scorpions (Spider:4)
  38 deep elf knights
  23 soul eaters
  2 titan skeletons
  17 sixfirhies (Pan)
  3 shadow wraiths
  24 skeletal warriors
  2 iron trolls
  An iron troll (shapeshifter) (Depths:2)
  4 unseen horrors
  A storm dragon skeleton (Depths:3)
  A spriggan druid (Swamp:2)
  A glowing orange brain (shapeshifter) (Vaults:3)
  9 gelid demonspawn (Pan)
  26 deep trolls
  2 sea snakes (Lair:6)
  4 obsidian statues (Depths:2)
  11 wizards
  16 flayed ghosts
  2 shadow demons (Pan)
  9 glowing orange brains
  13 hill giants
  7 torturous demonspawn (Pan)
  A shambling mangrove (Swamp:3)
  9 infernal demonspawn (Pan)
  8 swamp dragons
  23 phantasmal warriors
  26 deep elf archers
  2 tengu zombies (Hell)
  5 spectral wolf spiders (Spider:4)
  22 ironbrand convokers
  5 harpies
  An anaconda skeleton (Hell)
  2 necromancers
  A shadow dragon zombie (Hell)
  2 wolf spider zombies (Spider:4)
  8 orc sorcerers
  A glowing shapeshifter (Depths:5)
  18 orc knights
  A frost giant zombie (Vaults:5)
  29 wolf spiders
  15 cyclopes
  A shining eye (shapeshifter) (Depths:2)
  A hell hog zombie (Crypt:1)
  49 ugly things
  A fire giant zombie (Hell)
  14 orb spiders
  2 shadow dragon skeletons
  A wolf spider (shapeshifter) (Depths:2)
  110 deep elf magi
  2 manticores
  7 shining eyes
  7 elephants (Lair:6)
  A rust devil (Pan)
  3 moths of wrath
  Joseph (D:9)
  6 ice statues
  2 iron dragon skeletons
  A stone giant skeleton (Tomb:2)
  3 black mambas
  2 human skeletons (Vaults:5)
  7 fire giant skeletons (Crypt:3)
  9 molten gargoyles
  Psyche (D:8)
  2 frost giant skeletons
  9 orange demons
  9 gargoyles
  43 smoke demons (Pan)
  A spiny frog (shapeshifter) (Depths:4)
  3 eyes of devastation
  19 vault sentinels
  6 torpor snails
  An alligator snapping turtle zombie (Crypt:2)
  14 komodo dragons
  3 guardian serpents
  12 spiny frogs
  5 rime drakes
  16 demonic crawlers
  53 yaktaurs
  7 spectral redbacks (Spider:4)
  A rime drake (shapeshifter) (Depths:2)
  6 hellions (Pan)
  2 kobold demonologists
  An anaconda simulacrum (Hell)
  12 freezing wraiths
  3 tormentors
  A komodo dragon (shapeshifter) (Depths:3)
  A red draconian skeleton (Crypt:2)
  38 guardian mummies
  4 tengu conjurers
  A yaktaur zombie (Hell)
  A queen bee (Lair:3)
  23 hellwings
  9 red devils
  10 ice devils
  A purple draconian skeleton (Crypt:1)
  A silent spectre (Abyss:3)
  20 polar bears
  8 trolls
  A queen ant zombie (Crypt:2)
  15 large abominations
  4 hydra zombies
  2 wind drakes (Depths:2)
  2 wind drakes (shapeshifter)
  2 trolls (shapeshifter)
  3 tyrant leeches
  18 hornets
  48 saltlings
  21 two-headed ogres
  3 jumping spider zombies (Spider:4)
  A blink frog (shapeshifter) (Vaults:4)
  47 jumping spiders
  5 spectral jumping spiders (Spider:4)
  4 raiju (Abyss:2)
  22 blink frogs
  A tengu simulacrum (Vaults:5)
  5 bog bodies
  2 jumping spiders (shapeshifter) (Vaults:5)
  A meliai zombie (D:15)
  A hippogriff (shapeshifter) (Vaults:3)
  A deep troll zombie (Hell)
  129 slime creatures
  A hydra skeleton (Tomb:2)
  2 spectral tarantellas (Spider:4)
  The ghost of nikopol the Skirmisher, an amateur GrBe of Trog (Ossuary)
  An ettin zombie (Hell)
  11 hippogriffs
  17 air elementals
  A fire giant simulacrum (Tomb:1)
  2 tarantella zombies (Spider:4)
  A tarantella (shapeshifter) (Vaults:5)
  5 ettin skeletons
  A redback (shapeshifter) (Depths:2)
  11 flying skulls
  25 ynoxinuls
  An alligator skeleton (Hell)
  77 redbacks
  10 fire dragon skeletons (Crypt:3)
  2 vampires
  8 spriggans
  An ice dragon skeleton (Crypt:3)
  A spriggan (shapeshifter) (Depths:2)
  27 tarantellas
  4 wyverns
  9 shadows
  30 ushabtiu
  16 wraiths
  60 yaks
  A basilisk (shapeshifter) (Vaults:3)
  19 water elementals
  14 fire elementals
  3 basilisks
  15 chaos spawn (Pan)
  A wind drake skeleton (Crypt:2)
  12 golden eyes
  24 vampire mosquitoes
  8 hungry ghosts
  14 neqoxecs
  A warg (shapeshifter) (Depths:2)
  A mottled dragon (Vaults:1)
  21 swamp worms
  Menkaure (D:6)
  10 wargs
  18 insubstantial wisps
  Edmund (D:6)
  18 soldier ants
  3 floating eyes
  10 water moccasins
  A deep troll skeleton (Crypt:1)
  6 porcupines
  15 swamp drakes
  A water nymph skeleton (Crypt:1)
  55 orc warriors
  3 spiny frog skeletons
  5 eyes of draining
  A ghost crab zombie (Crypt:1)
  An ice beast (shapeshifter) (Depths:2)
  4 black bears
  3 sky beasts
  2 necrophages (Crypt:1)
  3 phantoms
  2 eyes of draining (shapeshifter)
  An ice dragon simulacrum (Tomb:1)
  18 wolves
  A hornet zombie (Spider:4)
  6 ice beasts
  2 snapping turtle skeletons
  14 boggarts
  51 ogres
  9 centaurs
  A dream sheep skeleton (Crypt:1)
  13 crocodiles
  A rime drake zombie (Crypt:2)
  12 big kobolds
  The ghost of Apogee the Magician, an amateur DEFE (D:3)
  20 bullfrogs
  Blork the orc (D:5)
  A gnoll sergeant (D:12)
  2 wyvern zombies
  12 earth elementals
  A wyvern skeleton (Crypt:1)
  9 scorpions
  4 spriggan zombies
  37 killer bees
  11 wights
  5 electric eels
  6 howler monkeys
  5 bullfrog zombies
  5 crimson imps
  2 jellies
  2 quasits
  8 centaur zombies
  26 orc priests
  7 hounds
  2 bullfrog skeletons
  37 orc wizards
  A gnoll shaman (Orc:2)
  2 iron imps
  8 iguanas
  2 human zombies (Ossuary)
  23 worker ants
  A killer bee zombie (D:6)
  An ogre skeleton (Crypt:3)
  A hound skeleton (D:11)
  65 mummies
  A worker ant zombie (D:6)
  19 gnolls
  5 adders
  4 scorpion zombies (Ossuary)
  12 white imps (D:15)
  2 adder zombies
  2 worms
  7 ball lightnings
  8 leopard geckos
  122 orcs
  5 giant cockroaches
  5 goblins
  8 hobgoblins
  10 jackals
  53 kobolds
  5 quokkas
  2 ball pythons
  5 bats
  7 frilled lizards
  6 gnoll zombies (Ossuary)
  2 goblin zombies (Ossuary)
  A kobold skeleton (Crypt:1)
  3 kobold zombies
  3 leopard gecko skeletons
  An orc skeleton (Crypt:2)
  3 orc zombies (Ossuary)
  2 quokka skeletons (D:9)
  3 rats
  3 briar patches (Swamp:3)
  2 crawling corpses (Elf:3)
  7 fungi
  8 plants
  A withered plant (Crypt:3)
3808 creatures vanquished.

Vanquished Creatures (collateral kills)
  A jumping spider (Spider:2)
1 creature vanquished.

Vanquished Creatures (others)
  Nikola (Depths:2)
  A lich (Tomb:2)
  A blood saint (Pan)
  A deep elf annihilator (Pan)
  A bennu (Tomb:2)
  22 death scarabs
  A skeletal warrior (Tomb:1)
  2 deep elf magi
  A smoke demon (Pan)
  A hellwing (Pan)
  A yaktaur (Depths:5)
  A jumping spider (Spider:1)
  An ice dragon zombie (Tomb:1)
  A ynoxinul (Pan)
  A shadow (D:15)
  A chaos spawn (Pan)
  A swamp drake (Swamp:4)
  4 scorpions (Ossuary)
  A mummy (Tomb:1)
  An adder (D:9)
  31 ball lightnings
  An orc (Orc:2)
  2 kobolds (D:6)
  A block of ice (Pan)
  2 briar patches (Swamp:3)
  2 bushes (Lair:6)
  8 fungi
  13 plants
  4 tentacles (Hell)
  9 toadstools (Swamp:2)
  A withered plant (Crypt:3)
119 creatures vanquished.

Grand Total: 3928 creatures vanquished

Notes
Turn   | Place    | Note
-------+----------+-------------------------------------------
     0 | D:1      | Alarkh the Demonspawn Monk began the quest for the Orb.
     0 | D:1      | Reached XP level 1. HP: 18/18 MP: 1/1
   170 | D:1      | Reached skill level 3 in Axes
   181 | D:1      | Gained mutation: You are slightly more attuned to the shadows. [demonic ancestry]
   181 | D:1      | Reached XP level 2. HP: 17/24 MP: 2/2
   902 | D:2      | Gained mutation: You are partially covered in yellow scales. (AC +2) [demonic ancestry]
   902 | D:2      | Reached XP level 3. HP: 29/29 MP: 3/3
  1033 | D:2      | Reached skill level 4 in Axes
  1518 | D:2      | Found a white marble altar of Elyvilon.
  1692 | D:2      | Gained mutation: You are mostly covered in yellow scales. (AC +3) [demonic ancestry]
  1692 | D:2      | Reached XP level 4. HP: 35/35 MP: 4/4
  2408 | D:3      | Noticed Apogee's ghost (amateur DEFE)
  2425 | D:3      | Killed Apogee's ghost
  2425 | D:3      | Reached skill level 5 in Axes
  2425 | D:3      | Gained mutation: Your flesh is heat resistant. (rF+) [demonic ancestry]
  2425 | D:3      | Reached XP level 5. HP: 38/41 MP: 5/5
  2803 | D:4      | Found a shadowy altar of Dithmenos.
  3347 | D:4      | Noticed an ogre
  3360 | D:4      | Killed an ogre
  3360 | D:4      | Reached skill level 6 in Axes
  3360 | D:4      | Gained mutation: You are immune to clouds of flame. [demonic ancestry]
  3360 | D:4      | Reached XP level 6. HP: 28/47 MP: 6/6
  4088 | D:5      | Entered Level 5 of the Dungeon
  4114 | D:5      | Found Mulecwoc's Magic Scroll Boutique.
  4126 | D:5      | Bought a scroll of identify for 30 gold pieces
  4126 | D:5      | Bought a scroll of blinking for 112 gold pieces
  4146 | D:5      | Found an opulent altar of Gozag.
  4210 | D:5      | Reached skill level 7 in Axes
  4285 | D:5      | Noticed Blork the orc
  4294 | D:5      | Found a sand-covered staircase.
  4302 | Ossuary  | Entered an ossuary
  4332 | Ossuary  | Gained mutation: You have a pair of small antennae on your head. [demonic ancestry]
  4332 | Ossuary  | Reached XP level 7. HP: 44/52 MP: 7/7
  4860 | Ossuary  | Reached skill level 8 in Axes
  4996 | Ossuary  | Noticed nikopol's ghost (amateur GrBe)
  5004 | Ossuary  | Gained mutation: You are robust. (+10% HP) [potion of mutation]
  5004 | Ossuary  | Gained mutation: You occasionally shout uncontrollably at your foes. [potion of mutation]
  5004 | Ossuary  | Gained mutation: You have sharp toenails. [potion of mutation]
  5066 | Ossuary  | Killed nikopol's ghost
  5095 | Ossuary  | Reached XP level 8. HP: 41/63 MP: 8/8
  5101 | Ossuary  | Reached skill level 9 in Axes
  5346 | D:5      | Killed Blork the orc
  5976 | D:6      | Noticed a hippogriff
  5980 | D:6      | Reached skill level 10 in Axes
  6227 | D:6      | Killed a hippogriff
  6677 | D:6      | Reached skill level 11 in Axes
  6677 | D:6      | Reached XP level 9. HP: 66/69 MP: 9/9
  6724 | D:6      | Noticed Menkaure
  6765 | D:6      | Killed Menkaure
  6982 | D:6      | Noticed Edmund
  7020 | D:6      | Killed Edmund
  8161 | D:7      | Got a brightly glowing war axe
  8162 | D:7      | Identified the +9 war axe of Vengeance {venom, rF+ Str+4 Dex+4} (You found it on level 7 of the Dungeon)
  8219 | D:7      | Found an iron altar of Okawaru.
  8230 | D:7      | Became a worshipper of Warmaster Okawaru
  8230 | D:7      | Reached * piety under Okawaru
  8230 | D:7      | Reached ** piety under Okawaru
  8247 | D:7      | Reached skill level 1 in Evocations
  8545 | D:7      | Found a staircase to the Ecumenical Temple.
  8546 | D:7      | Reached skill level 1 in Armour
  8812 | Temple   | Entered the Ecumenical Temple
  9232 | D:8      | Reached skill level 12 in Axes
  9344 | D:8      | Noticed Psyche
  9354 | D:8      | Killed Psyche
  9423 | D:8      | Noticed Erica
  9436 | D:8      | Killed Erica
  9436 | D:8      | Reached *** piety under Okawaru
  9436 | D:8      | Reached XP level 10. HP: 50/79 MP: 10/12
  9686 | D:8      | Found a staircase to the Lair.
  9789 | D:8      | Found a snail-covered altar of Cheibriados.
  9793 | D:8      | Found a shattered altar of Ashenzari.
 10009 | D:9      | Reached **** piety under Okawaru
 10033 | D:9      | Reached skill level 5 in Fighting
 10034 | D:9      | Noticed Joseph
 10060 | D:9      | Killed Joseph
 10495 | D:9      | Reached ***** piety under Okawaru
 10574 | D:9      | Reached skill level 5 in Dodging
 10574 | D:9      | Gained mutation: You resist negative energy. (rN+) [demonic ancestry]
 10574 | D:9      | Reached XP level 11. HP: 36/89 MP: 12/14
 10846 | D:9      | Reached skill level 13 in Axes
 10941 | D:9      | Found a basalt altar of Yredelemnul.
 11026 | D:9      | Found a faded altar of an unknown god.
 11030 | D:9      | Found a faded altar of an unknown god.
 11032 | D:9      | Found a faded altar of an unknown god.
 11033 | D:9      | Found a faded altar of an unknown god.
 11036 | D:9      | Found a deep blue altar of Sif Muna.
 11131 | D:10     | Entered Level 10 of the Dungeon
 11261 | D:10     | Noticed a hill giant
 11270 | D:10     | Killed a hill giant
 11346 | D:10     | Found Qoxzesko's Jewellery Shop.
 11349 | D:10     | Bought an uncursed amulet of regeneration for 360 gold pieces
 11783 | Lair:1   | Entered Level 1 of the Lair of Beasts
 11805 | Lair:1   | Reached skill level 5 in Evocations
 12088 | Lair:1   | Found a snail-covered altar of Cheibriados.
 12435 | Lair:1   | Reached skill level 5 in Armour
 13067 | Lair:2   | Found a hole to the Spider Nest.
 13078 | Lair:2   | Reached ****** piety under Okawaru
 13860 | Lair:3   | Received a gift from Okawaru
 13860 | Lair:3   | Gained mutation: You are somewhat able to resist unholy torments (1 in 2 success). [demonic ancestry]
 13860 | Lair:3   | Reached XP level 12. HP: 81/100 MP: 13/16
 13995 | Lair:3   | Noticed Fannar
 14429 | Lair:3   | Found a staircase to the Swamp.
 14509 | Lair:3   | Reached skill level 14 in Axes
 14801 | Lair:3   | Noticed a six-headed hydra
 14808 | Lair:3   | Killed a six-headed hydra
 14808 | Lair:3   | Received a gift from Okawaru
 14811 | Lair:3   | Got a scorched lajatang {god gift}
 14899 | Lair:3   | Killed Fannar
 15350 | Lair:4   | Noticed an entropy weaver
 15352 | Lair:4   | Noticed a queen ant
 15354 | Lair:4   | Noticed an entropy weaver
 16002 | Lair:3   | Received a gift from Okawaru
 16003 | Lair:3   | Got an ichor-stained scale mail {god gift}
 16014 | Lair:3   | Identified the +2 scale mail of the Secret Curses {rN++} (Okawaru gifted it to you on level 3 of the Lair of Beasts)
 16214 | Lair:3   | Found a staircase to the Swamp.
 16292 | Lair:3   | Killed a queen ant
 16457 | Lair:3   | Killed an entropy weaver
 16457 | Lair:3   | Reached XP level 13. HP: 108/108 MP: 18/18
 17062 | Lair:4   | Killed an entropy weaver
 17878 | Lair:5   | Found a staircase to the Slime Pits.
 17878 | Lair:5   | Found a viscous altar of Jiyva.
 18275 | Lair:6   | Entered Level 6 of the Lair of Beasts
 18424 | Lair:2   | Learned a level 1 spell: Apportation
 18591 | Lair:6   | Paralysed by a hornet for 1 turns
 18610 | Lair:6   | Reached skill level 15 in Axes
 18659 | Lair:6   | Received a gift from Okawaru
 18660 | Lair:6   | Got a spiked buckler {god gift}
 18671 | Lair:6   | Identified the +0 buckler of the Moon {Regen+} (Okawaru gifted it to you on level 6 of the Lair of Beasts)
 18905 | Lair:6   | Paralysed by a hornet for 3 turns
 18913 | Lair:6   | Reached skill level 1 in Invocations
 19123 | Lair:6   | Noticed a dire elephant
 19412 | Lair:6   | Reached XP level 14. HP: 119/119 MP: 17/20
 19734 | Lair:6   | Received a gift from Okawaru
 20700 | D:11     | Found a portal to a secret trove of treasure.
 20795 | D:11     | Reached skill level 10 in Fighting
 20963 | D:12     | Found a staircase to the Orcish Mines.
 21281 | D:12     | Found Plog's Gadget Shoppe.
 21384 | D:12     | Received a gift from Okawaru
 21385 | D:12     | Got a steaming executioner's axe {god gift}
 21446 | D:12     | Found a glowing golden altar of the Shining One.
 21665 | Orc:1    | Entered Level 1 of the Orcish Mines
 22021 | Orc:2    | Entered Level 2 of the Orcish Mines
 22184 | Orc:2    | Reached skill level 5 in Invocations
 22479 | Orc:2    | Noticed an orc warlord
 22729 | Orc:2    | Paralysed by an orc sorcerer for 4 turns
 22734 | Orc:2    | Found a staircase to the Elven Halls.
 22964 | Orc:2    | Reached skill level 16 in Axes
 22979 | Orc:2    | Received a gift from Okawaru
 22980 | Orc:2    | Got an ichor-stained shield {god gift}
 23098 | Orc:2    | Killed an orc warlord
 23409 | Orc:2    | Found Miujahug's Antique Armour Emporium.
 23410 | Orc:2    | Found Vautoniq's General Store.
 23410 | Orc:2    | Found Amif's Jewellery Shoppe.
 23410 | Orc:2    | Found Xuopluro's Antique Weapon Emporium.
 23425 | Orc:2    | Bought a runed war axe for 285 gold pieces
 23547 | Orc:2    | Identified the +7 shield of Context {+Blink rCorr Str+7 Stlth-} (Okawaru gifted it to you on level 2 of the Orcish Mines)
 23553 | Orc:2    | Identified the +7 executioner's axe of Prudence {venom, rF+ MR+ Str+2 Dex+4} (Okawaru gifted it to you on level 12 of the Dungeon)
 23676 | D:12     | Bought a wand of teleportation (2/9) for 234 gold pieces
 23759 | D:10     | Bought an uncursed ring of flight for 210 gold pieces
 23759 | D:10     | Bought a +4 ring of protection for 432 gold pieces
 24072 | D:13     | Gained mutation: You have a pair of antennae on your head. [demonic ancestry]
 24072 | D:13     | Reached XP level 15. HP: 121/128 MP: 22/22
 24506 | D:13     | Found a shadowy altar of Dithmenos.
 24713 | D:14     | Noticed Frances
 24738 | D:14     | Killed Frances
 24818 | D:14     | Reached skill level 10 in Evocations
 24846 | D:14     | Found Sedots's Armour Shoppe.
 24889 | D:14     | Bought a +1 pair of gloves of strength for 264 gold pieces
 24889 | D:14     | Bought a +0 pair of boots for 72 gold pieces
 25001 | D:14     | Received a gift from Okawaru
 25046 | D:14     | Found a gate to the Vaults.
 25261 | D:15     | Entered Level 15 of the Dungeon
 25372 | D:15     | Reached skill level 10 in Dodging
 25413 | D:15     | Noticed a sphinx
 25424 | D:15     | Received a gift from Okawaru
 25425 | D:15     | Got a pair of smoking boots {god gift}
 25430 | D:15     | Killed a sphinx
 25467 | D:15     | Identified the +2 pair of boots of Giup {Slay+2} (Okawaru gifted it to you on level 15 of the Dungeon)
 25507 | D:15     | Found a frozen archway.
 25536 | D:15     | Got a twisted morningstar
 25550 | IceCv    | Entered an ice cave
 25578 | IceCv    | Identified the cursed +1 morningstar of Bouwuudemm {elec, rElec Str+3} (You found it on level 15 of the Dungeon)
 25745 | IceCv    | Noticed nikopol's ghost (adept GrBe)
 25767 | IceCv    | Killed nikopol's ghost
 25836 | IceCv    | Reached skill level 10 in Armour
 25931 | IceCv    | Noticed a frost giant
 25954 | IceCv    | Killed a frost giant
 25954 | IceCv    | Gained mutation: You have a pair of large antennae on your head. (SInv) [demonic ancestry]
 25954 | IceCv    | Reached XP level 16. HP: 130/138 MP: 23/23
 26032 | IceCv    | Got an encrusted great mace
 26753 | D:15     | Got a pitted steel amulet
 26755 | D:15     | Identified the amulet "Eraashras" {Inacc Int+3 Dex+5} (You found it on level 15 of the Dungeon)
 26768 | D:15     | Reached skill level 17 in Axes
 26973 | D:15     | Found a staircase to the Depths.
 27266 | Spider:1 | Entered Level 1 of the Spider Nest
 28193 | Spider:2 | Reached skill level 10 in Invocations
 28259 | Spider:2 | Received a gift from Okawaru
 28447 | D:10     | Bought an uncursed amulet of faith for 480 gold pieces
 29202 | Spider:3 | Noticed Asterion
 29226 | Spider:3 | Killed Asterion
 29406 | Spider:3 | Received a gift from Okawaru
 30057 | Spider:3 | Gained mutation: You are significantly more attuned to the shadows. [demonic ancestry]
 30057 | Spider:3 | Reached XP level 17. HP: 146/146 MP: 25/25
 30388 | Spider:4 | Entered Level 4 of the Spider Nest
 30409 | Spider:4 | Got a pair of faintly humming gloves
 30420 | Spider:4 | Identified the +1 pair of gloves of Gieblif {Int+5 Dex-2} (You found it on level 4 of the Spider Nest)
 30577 | Spider:4 | Received a gift from Okawaru
 30599 | Spider:4 | Reached skill level 18 in Axes
 31462 | Spider:4 | Received a gift from Okawaru
 31463 | Spider:4 | Got a polished chain mail {god gift}
 31498 | Spider:4 | Identified 2 scrolls of acquirement
 31499 | Spider:4 | Got a vibrating steel ring
 31501 | Spider:4 | Identified the ring of Doubts {+Inv Str+4 Dex+2 Slay+4 SInv} (You acquired it on level 4 of the Spider Nest)
 31833 | Spider:4 | Gained mutation: You can translocate small distances at will. [potion of beneficial mutation]
 31900 | Spider:4 | Got a gossamer rune of Zot
 32026 | Spider:2 | Got a spiked buckler {god gift}
 32037 | Spider:2 | Identified the +1 buckler "Wifuxkof" {rElec Str+4 Int+3} (Okawaru gifted it to you on level 2 of the Spider Nest)
 32186 | Swamp:1  | Entered Level 1 of the Swamp
 32437 | Swamp:1  | Received a gift from Okawaru
 32528 | Swamp:1  | Got a shimmering platinum ring
 32530 | Swamp:1  | Identified the ring of Imym {*Contam rF+ Str+5 Int+4} (You acquired it on level 1 of the Swamp)
 33423 | Swamp:2  | Reached XP level 18. HP: 157/157 MP: 27/27
 34081 | Swamp:3  | Identified Sif Muna's Collected Works on Intoxication and the Entourage
 34574 | Swamp:4  | Entered Level 4 of the Swamp
 34810 | Swamp:4  | Received a gift from Okawaru
 34870 | Swamp:4  | Noticed a tentacled monstrosity
 34876 | Swamp:4  | Killed a tentacled monstrosity
 34969 | Swamp:4  | Noticed Louise
 34979 | Swamp:4  | Killed Louise
 35011 | Swamp:4  | Reached skill level 19 in Axes
 35038 | Swamp:4  | Noticed the 27-headed Lernaean hydra
 35318 | Swamp:4  | Killed the 27-headed Lernaean hydra
 35324 | Swamp:4  | Received a gift from Okawaru
 35432 | Swamp:4  | Got a warped leather armour
 35433 | Swamp:4  | Identified the cursed +0 leather armour of God Told Me To {rElec} (You found it on level 4 of the Swamp)
 35550 | Swamp:4  | Got a decaying rune of Zot
 35597 | Swamp:4  | Gained mutation: You are agile. (Dex +2) [potion of beneficial mutation]
 35973 | Vaults:1 | Entered Level 1 of the Vaults
 36583 | Vaults:1 | Received a gift from Okawaru
 36909 | Vaults:1 | Reached XP level 19. HP: 167/167 MP: 28/28
 37314 | Vaults:2 | Received a gift from Okawaru
 37316 | Vaults:2 | Got a pitted battleaxe {god gift}
 37517 | Vaults:2 | Found a flickering gateway to a bazaar.
 37523 | Bazaar   | Entered a bazaar
 37545 | Bazaar   | Found Kasasehoits's Gadget Shoppe.
 37545 | Bazaar   | Found Ettad's Antique Armour Emporium.
 37569 | Bazaar   | Found Meploune's Food Shoppe.
 37569 | Bazaar   | Found Jiple's General Store.
 37592 | Bazaar   | Found Viap's Weapon Shoppe.
 37698 | Vaults:2 | Found a ruined gateway.
 37703 | Desolati | Entered the Desolation of Salt
 37820 | Desolati | Received a gift from Okawaru
 38078 | Desolati | Got an ichor-stained plate armour
 38079 | Desolati | Identified the +1 plate armour "Yfunueni" {rPois rF++} (You found it in the Desolation of Salt)
 38215 | Desolati | Reached skill level 20 in Axes
 38261 | Desolati | Got a scintillating lapis lazuli ring
 38265 | Desolati | Got a brightly glowing chain mail
 38267 | Desolati | Identified the ring "Agic" {rPois rN+ AC+4 Str+3 Dex-3} (You found it in the Desolation of Salt)
 38275 | Desolati | Identified the Grimoire of Weightlessness and Talismans
 38282 | Desolati | Identified the Collected Works on Captivating Protection
 38296 | Desolati | Identified the Tome of Creation
 38453 | Desolati | Got a vibrating tin ring
 38455 | Desolati | Identified the ring "Atuqaonour" {rPois rN+ MP+9 Dex-3 SInv} (You found it in the Desolation of Salt)
 38613 | Desolati | Learned a level 2 spell: Repel Missiles
 39032 | Lair:2   | Identified the +6 chain mail of Lies {rPois Int-3 Dex+5} (You found it in the Desolation of Salt)
 39053 | Lair:2   | Identified the +5 battleaxe "Banathra" {chop, Dex+4} (Okawaru gifted it to you on level 2 of the Vaults)
 39282 | Vaults:2 | Received a gift from Okawaru
 39435 | Vaults:2 | Noticed a lich
 39445 | Vaults:2 | Killed a lich
 39458 | Vaults:2 | Received a gift from Okawaru
 39459 | Vaults:2 | Got a crystal battleaxe {god gift}
 39483 | Vaults:1 | Identified the +5 battleaxe of Daxu {chaos, +Blink rF- rC+++ Dex-4} (Okawaru gifted it to you on level 2 of the Vaults)
 39744 | Vaults:2 | Gained mutation: You are completely attuned to the shadows. [demonic ancestry]
 39744 | Vaults:2 | Reached XP level 20. HP: 171/177 MP: 29/29
 39803 | Vaults:2 | Reached skill level 15 in Fighting
 40213 | Vaults:2 | Received a gift from Okawaru
 40964 | Vaults:2 | Found a staircase to the Crypt.
 41235 | Lair:2   | Identified the +5 chain mail of the Komtur {Str+6} (Okawaru gifted it to you on level 4 of the Spider Nest)
 41263 | Lair:2   | Got a warped platinum amulet
 41264 | Lair:2   | Identified the amulet of Jemaz {Spirit rF+} (You acquired it on level 2 of the Lair of Beasts)
 41486 | Vaults:3 | Found Vuommeu's Antique Weapon Shoppe.
 41683 | Vaults:3 | HP: 4/178 [stone giant/large rock (26)]
 41707 | Vaults:3 | Gained mutation: You have very sharp teeth. [potion of beneficial mutation]
 41708 | Vaults:3 | Noticed Boris
 41718 | Vaults:3 | Killed Boris
 41822 | Vaults:3 | Found a magical portal.
 41893 | WizLab   | Entered Iskenderun's Mystic Tower
 42204 | WizLab   | Reached skill level 21 in Axes
 42474 | WizLab   | Received a gift from Okawaru
 42475 | WizLab   | Got a pair of shimmering boots {god gift}
 42486 | WizLab   | Identified the +0 pair of boots of Rationality {-Tele rF+ Regen+ Int+3} (Okawaru gifted it to you in a wizard's laboratory)
 43849 | WizLab   | Identified Iskenderun's Grimoire of Confrontation
 43849 | WizLab   | Identified Iskenderun's Reference Book on Attacks
 44061 | WizLab   | Got a faintly glowing bronze amulet
 44075 | WizLab   | Identified the Catalogue of the Lonely Tales
 44075 | WizLab   | Identified the Reference Book on Black Secrets and Translocation
 44077 | WizLab   | Identified the amulet of Riufrega {Harm *Drain +Inv rElec rPois rC- Str+6} (You took it off a purple draconian in a wizard's laboratory)
 44431 | Vaults:3 | Noticed Mennas
 44944 | Vaults:3 | Killed Mennas
 44944 | Vaults:3 | Gained mutation: Your demonic aura causes spilled blood to erupt in flames. [demonic ancestry]
 44944 | Vaults:3 | Reached XP level 21. HP: 126/187 MP: 24/30
 44946 | Vaults:3 | Got a bloodstained large shield
 44955 | Vaults:3 | Identified the +4 large shield of Noon {*Drain rF+ rC+ Dex+5} (You took it off Mennas on level 3 of the Vaults)
 45746 | Elf:1    | Entered Level 1 of the Elven Halls
 45754 | Elf:1    | Reached skill level 1 in Shields
 45828 | Elf:1    | Received a gift from Okawaru
 45856 | Elf:1    | Noticed Lluna's ghost (journeyman SpEn)
 45857 | Elf:1    | Noticed Mungo's ghost (adept SpAs)
 45875 | Elf:1    | Killed Mungo's ghost
 45881 | Elf:1    | Killed Lluna's ghost
 45966 | Elf:1    | Noticed bananaglory's ghost (adept DDFi)
 45985 | Elf:1    | Killed bananaglory's ghost
 46044 | Elf:1    | Found Red Lyliom's Jewellery Shoppe.
 46334 | Elf:1    | Reached skill level 1 in Charms
 46351 | Elf:1    | Received a gift from Okawaru
 46422 | Elf:1    | Reached skill level 1 in Spellcasting
 47111 | Elf:2    | Found a runed gate.
 47112 | Elf:2    | Found a runed gate.
 47113 | Elf:2    | Found a runed gate.
 47231 | Elf:2    | Noticed Roxanne
 47255 | Elf:2    | Killed Roxanne
 47256 | Elf:2    | Identified Roxanne's Guide on the Mountains (You took it off Roxanne on level 2 of the Elven Halls)
 47528 | Elf:2    | Received a gift from Okawaru
 47529 | Elf:2    | Got diamond-studded quicksilver dragon scales {god gift}
 47553 | Elf:2    | Identified the quicksilver dragon scales of Miracles {*Drain MR+ Regen+ MP+9} (Okawaru gifted it to you on level 2 of the Elven Halls)
 47853 | Elf:3    | Entered Level 3 of the Elven Halls
 47937 | Elf:3    | Gained mutation: You are completely covered in yellow scales. (AC +4, rCorr) [demonic ancestry]
 47937 | Elf:3    | Reached XP level 22. HP: 123/196 MP: 31/31
 48413 | Elf:3    | Reached skill level 22 in Axes
 48441 | Elf:3    | Identified Sif Muna's Tome of Good Luck and Flight
 48444 | Elf:3    | Got a faintly glowing amber ring
 48487 | Elf:3    | Identified the ring of Liberty {*Tele *Slow Str+3 Int+3 Dex+4} (You found it on level 3 of the Elven Halls)
 48526 | Elf:3    | Received a gift from Okawaru
 48630 | Elf:3    | Found Deseo's Jewellery Emporium.
 48769 | Elf:3    | Got a pair of spiked gloves {god gift}
 48779 | Elf:3    | Cast into level 3 of the Abyss (halberd of distortion)
 48808 | Abyss:3  | Identified the +1 pair of gloves of Impatience {Stlth+} (Okawaru gifted it to you on level 3 of the Elven Halls)
 48827 | Elf:3    | Escaped the Abyss
 49458 | Elf:3    | Reached skill level 15 in Armour
 50208 | Lair:2   | Identified a +2 rod of shadows (13/13) (You took it off a deep elf sorcerer on level 3 of the Elven Halls)
 50209 | Lair:2   | Identified a -1 rod of shadows (13/13) (You took it off a deep elf elementalist on level 3 of the Elven Halls)
 50556 | Elf:3    | Got a fine copper ring
 50611 | Elf:3    | Reached skill level 15 in Dodging
 50665 | Elf:3    | Got a heavily runed plate armour
 50670 | Elf:3    | Got a warped crystal plate armour
 50786 | Elf:3    | Identified the +4 plate armour of Ladders and Snakes {rN+ Str+3} (You found it on level 3 of the Elven Halls)
 50796 | Elf:3    | Identified the +5 crystal plate armour of Submission {+Blink rN+ Int+2} (You found it on level 3 of the Elven Halls)
 51108 | Lair:2   | Identified the ring "Gehyud" {Str+2 Int+3 Dex+3} (You took it off a deep elf mage on level 3 of the Elven Halls)
 51301 | D:10     | Bought the ring of Roicuhub {rElec rN+ Str+6} for 920 gold pieces
 51315 | D:10     | Lost mutation: You are agile. (Dex +2) [mutagenic glow]
 52052 | Depths:1 | Entered Level 1 of the Depths
 52200 | Depths:1 | Found a gateway to a ziggurat.
 52275 | Depths:1 | Reached skill level 5 in Shields
 52640 | Depths:1 | Found Uzeiler's Changing Room.
 52693 | Depths:1 | You fall through a shaft!
 52700 | Depths:2 | Got a scorched pewter ring
 52702 | Depths:2 | Identified the ring of Nonu Ragg {+Inv EV+5} (You found it on level 2 of the Depths)
 52713 | Depths:2 | Received a gift from Okawaru
 53030 | Depths:2 | Identified the Grimoire of the Captivating Blaze
 53090 | Depths:2 | Reached skill level 5 in Spellcasting
 53108 | Depths:2 | Found a gateway to Hell.
 53215 | Depths:2 | Noticed a caustic shrike
 53215 | Depths:2 | Noticed a golden dragon
 53215 | Depths:2 | a caustic shrike changed into a golden dragon
 53217 | Depths:2 | a golden dragon changed into a shadow dragon
 53239 | Depths:2 | Noticed Mara
 53259 | Depths:2 | Noticed Alarkh's illusion
 53278 | Depths:2 | Reached XP level 23. HP: 171/204 MP: 28/32
 53287 | Depths:2 | Noticed Alarkh's illusion
 53295 | Depths:2 | Killed Mara
 53388 | Depths:2 | Received a gift from Okawaru
 53389 | Depths:2 | Got an encrusted executioner's axe {god gift}
 53390 | Depths:2 | Identified the +4 executioner's axe "Luwi" {chop, *Corrode +Fly Dex+6} (Okawaru gifted it to you on level 2 of the Depths)
 53617 | Depths:2 | Reached skill level 5 in Charms
 53880 | Depths:2 | Noticed Nikola
 53890 | Depths:2 | Killed Nikola
 54591 | Swamp:4  | Got a translucent broad axe {god gift}
 54592 | Swamp:4  | Identified the +0 broad axe of the Gloaming {chop, +Blink rN+ Int+3} (Okawaru gifted it to you on level 4 of the Swamp)
 55096 | Elf:3    | Bought the amulet of the Oracle {rF+ Regen+ Str+4} for 890 gold pieces
 56087 | Depths:2 | Got a pair of jewelled gloves
 56501 | Depths:3 | Received a gift from Okawaru
 56502 | Depths:3 | Got an iridescent broad axe {god gift}
 56503 | Depths:3 | Identified the +4 broad axe "Vyuq" {chop, *Contam rElec rPois Dex+5} (Okawaru gifted it to you on level 3 of the Depths)
 56509 | Depths:3 | Gained mutation: You regenerate slowly when monsters are visible. [mutagenic glow]
 56559 | Depths:3 | Found a one-way gate leading to the halls of Pandemonium.
 56656 | Depths:3 | Identified the +1 pair of gloves of Resilience {rC+ Regen+ Str-2} (You found it on level 2 of the Depths)
 57073 | Depths:3 | Found Xacw's Armour Shoppe.
 57288 | Depths:3 | Found a one-way gate to the infinite horrors of the Abyss.
 57301 | Depths:3 | Received a gift from Okawaru
 57501 | Depths:4 | Received a gift from Okawaru
 58142 | Depths:3 | Reached skill level 23 in Axes
 58156 | Depths:3 | Reached XP level 24. HP: 155/214 MP: 32/32
 58323 | Depths:5 | Entered Level 5 of the Depths
 58352 | Depths:5 | Noticed a juggernaut
 58368 | Depths:5 | Killed a juggernaut
 58438 | Depths:5 | Found a corrupted altar of Lugonu.
 58524 | Depths:5 | Received a gift from Okawaru
 58669 | Depths:5 | Found Joroec's Jewellery Shoppe.
 58669 | Depths:5 | Found Anacap's Jewellery Shoppe.
 58671 | Depths:5 | Found Vunuut's Gadget Shop.
 59034 | Depths:5 | Reached skill level 10 in Shields
 59291 | Depths:5 | Received a gift from Okawaru
 59295 | Depths:5 | Found a gate to the Realm of Zot.
 59329 | Depths:5 | Got a translucent hand axe {god gift}
 59331 | Depths:5 | Identified the +4 hand axe of Geidarghegg {venom, rElec Str-4 Int+3 Dex+3} (Okawaru gifted it to you on level 5 of the Depths)
 60296 | Vaults:4 | Noticed Saint Roka
 60308 | Vaults:4 | Killed Saint Roka
 60520 | Vaults:4 | Received a gift from Okawaru
 60523 | Vaults:4 | Got a dazzling quick blade {god gift}
 60524 | Vaults:4 | Identified the +6 quick blade of Vixy {freeze, +Rage rElec MR-} (Okawaru gifted it to you on level 4 of the Vaults)
 60661 | Vaults:4 | Noticed Donald
 60673 | Vaults:4 | Killed Donald
 60902 | Vaults:4 | Gained mutation: Your melee attacks may debilitate your foes. [demonic ancestry]
 60902 | Vaults:4 | Reached XP level 25. HP: 224/224 MP: 32/32
 61600 | Crypt:1  | Entered Level 1 of the Crypt
 61915 | Crypt:1  | Received a gift from Okawaru
 63591 | Crypt:3  | Entered Level 3 of the Crypt
 64428 | Crypt:3  | Identified a +4 rod of ignition (13/13) (You found it on level 3 of the Crypt)
 64433 | Crypt:3  | Reached skill level 24 in Axes
 64446 | Crypt:3  | Learned a level 5 spell: Aura of Abjuration
 64833 | Crypt:1  | Reached skill level 1 in Summonings
 65162 | Lair:2   | Identified a +4 rod of inaccuracy (11/11) (You found it on level 3 of the Crypt)
 66476 | Crypt:3  | Found a staircase to the Tomb.
 66478 | Crypt:3  | Noticed an ancient lich
 66486 | Crypt:3  | Killed an ancient lich
 66486 | Crypt:3  | Received a gift from Okawaru
 66496 | Crypt:3  | Noticed an ancient lich
 66504 | Crypt:3  | Killed an ancient lich
 66539 | Crypt:3  | Noticed an ancient lich
 66555 | Crypt:3  | Killed an ancient lich
 67061 | D:8      | Paralysed by fainting for 6 turns
 67068 | Lair:1   | Paralysed by fainting for 6 turns
 67983 | Tomb:1   | Entered Level 1 of the Tomb of the Ancients
 68427 | Tomb:1   | Received a gift from Okawaru
 68428 | Tomb:1   | Got a citrine-encrusted chain mail {god gift}
 68434 | Tomb:1   | Identified the +3 chain mail of the Locust {rC- Regen+ MP+9 Int+6} (Okawaru gifted it to you on level 1 of the Tomb of the Ancients)
 68586 | Tomb:1   | Noticed a greater mummy
 68598 | Tomb:1   | Killed a greater mummy
 68598 | Tomb:1   | Reached XP level 26. HP: 165/234 MP: 33/33
 69120 | Tomb:2   | Noticed Khufu
 69125 | Tomb:2   | Noticed a greater mummy
 69125 | Tomb:2   | Noticed a greater mummy
 69125 | Tomb:2   | Noticed a greater mummy
 69128 | Tomb:2   | Noticed bananaglory's ghost (legendary DDFi)
 69240 | Tomb:2   | Noticed an ancient lich
 69302 | Tomb:1   | Killed an ancient lich
 69501 | Tomb:1   | Killed Khufu
 69502 | Tomb:1   | Killed a greater mummy
 69730 | Tomb:1   | Killed a greater mummy
 70157 | Tomb:1   | Killed a greater mummy
 70157 | Tomb:1   | Received a gift from Okawaru
 70283 | Tomb:2   | Reached skill level 5 in Summonings
 70322 | Tomb:2   | Killed bananaglory's ghost
 70742 | Tomb:1   | Noticed a greater mummy
 70753 | Tomb:1   | Noticed a greater mummy
 70763 | Tomb:1   | Killed a greater mummy
 70906 | Tomb:1   | Noticed a greater mummy
 71113 | Tomb:1   | Killed a greater mummy
 71123 | Tomb:1   | Killed a greater mummy
 71176 | Tomb:1   | Noticed a greater mummy
 71200 | Tomb:1   | Killed a greater mummy
 71204 | Tomb:1   | Noticed a greater mummy
 71206 | Tomb:1   | Noticed a greater mummy
 71221 | Tomb:1   | Killed a greater mummy
 71231 | Tomb:1   | Killed a greater mummy
 71231 | Tomb:1   | Received a gift from Okawaru
 71232 | Tomb:1   | Got a dull robe {god gift}
 71239 | Tomb:1   | Identified the +1 robe of the Gloaming {rElec MR++ Str-5 SInv} (Okawaru gifted it to you on level 1 of the Tomb of the Ancients)
 71284 | Tomb:1   | Noticed a greater mummy
 71456 | Tomb:1   | Killed a greater mummy
 71651 | Tomb:1   | Noticed a greater mummy
 71652 | Tomb:1   | Noticed a greater mummy
 71675 | Tomb:1   | Killed a greater mummy
 71676 | Tomb:1   | Killed a greater mummy
 71801 | Tomb:3   | Entered Level 3 of the Tomb of the Ancients
 72014 | Tomb:3   | Noticed a greater mummy
 72021 | Tomb:3   | Noticed a greater mummy
 72035 | Tomb:2   | HP: 11/221 [poisoned by an ushabti (dark miasma)]
 72037 | Tomb:2   | HP: 4/221 [poisoned by an ushabti (dark miasma)]
 72468 | Tomb:2   | Killed a greater mummy
 72468 | Tomb:2   | Reached XP level 27. HP: 152/243 MP: 35/35
 72628 | Tomb:3   | Noticed a greater mummy
 72628 | Tomb:3   | Noticed a greater mummy
 72887 | Tomb:2   | Killed a greater mummy
 73154 | Tomb:2   | Killed a greater mummy
 73440 | Tomb:2   | Killed a greater mummy
 73537 | Tomb:3   | Noticed a greater mummy
 73547 | Tomb:3   | Killed a greater mummy
 73552 | Tomb:3   | Noticed a greater mummy
 73552 | Tomb:3   | Noticed a greater mummy
 73567 | Tomb:3   | Noticed a greater mummy
 73570 | Tomb:3   | Killed a greater mummy
 73570 | Tomb:3   | Received a gift from Okawaru
 73573 | Tomb:3   | Killed a greater mummy
 73589 | Tomb:3   | Killed a greater mummy
 73596 | Tomb:3   | Got a translucent broad axe {god gift}
 73597 | Tomb:3   | Identified the +10 broad axe "Hell-Harrower" {flame, rF+} (Okawaru gifted it to you on level 3 of the Tomb of the Ancients)
 73795 | Tomb:3   | Got a golden rune of Zot
 73819 | Tomb:3   | Noticed a greater mummy
 73836 | Tomb:3   | Killed a greater mummy
 74106 | Tomb:3   | Reached skill level 15 in Shields
 74196 | Tomb:3   | Got a scorched brass ring
 74200 | Tomb:3   | Got a pitted golden ring
 74291 | Tomb:3   | Identified the ring "Heor" {+Inv rElec rPois Str+2} (You found it on level 3 of the Tomb of the Ancients)
 74293 | Tomb:3   | Identified the ring "Guxyuxza" {+Fly rElec rF- Int+2} (You found it on level 3 of the Tomb of the Ancients)
 74597 | Tomb:1   | Reached skill level 10 in Spellcasting
 75173 | Slime:1  | Entered Level 1 of the Pits of Slime
 76193 | Slime:3  | Lost mutation: You are robust. (+10% HP) [a shining eye]
 76199 | Slime:3  | Gained mutation: You are clumsy. (Dex -2) [a shining eye]
 76407 | Slime:3  | Received a gift from Okawaru
 76459 | Slime:4  | Reached skill level 10 in Summonings
 76463 | Slime:4  | Gained mutation: Your spells are a little easier to cast, but a little less powerful. [a shining eye]
 76932 | Slime:5  | Entered Level 5 of the Pits of Slime
 77196 | Slime:5  | Gained mutation: You are dopey. (Int -2) [a shining eye]
 77470 | Slime:5  | Noticed the Royal Jelly
 77487 | Slime:5  | Found a viscous altar of Jiyva.
 77790 | Slime:4  | Reached skill level 25 in Axes
 78008 | Slime:5  | Killed the Royal Jelly
 78031 | Slime:5  | Got a polished ring mail
 78065 | Slime:5  | Got a slimy rune of Zot
 78067 | Slime:5  | Got an ancient lapis lazuli ring
 78071 | Slime:5  | Got a twisted plate armour
 78087 | Slime:5  | Got a warped broad axe
 78093 | Slime:5  | Got a smoking broad axe
 78095 | Slime:5  | Got a steaming jade ring
 78107 | Slime:5  | Identified Gometov's Reference Book on the Helpful Rocks
 78151 | Slime:5  | Identified the +1 ring mail of the Gardener {Regen+ rCorr Str+4} (You found it on level 5 of the Pits of Slime)
 78152 | Slime:5  | Identified the +9 plate armour "Zyngad" {*Slow rPois Int+5} (You found it on level 5 of the Pits of Slime)
 78155 | Slime:5  | Identified the +10 broad axe of Infinite Pain {venom, +Fly} (You found it on level 5 of the Pits of Slime)
 78156 | Slime:5  | Identified the +8 broad axe of Strategic Superiority {chop, rF+ Str+3} (You found it on level 5 of the Pits of Slime)
 78157 | Slime:5  | Identified the ring of Impatience {+Blink rN+ Dex+4} (You found it on level 5 of the Pits of Slime)
 78158 | Slime:5  | Identified the ring "Aloing" {rN+ Int+9 Dex+3 SInv Stlth-} (You found it on level 5 of the Pits of Slime)
 78754 | Depths:1 | Bought a potion of cure mutation for 400 gold pieces
 78754 | Depths:1 | Bought a potion of cure mutation for 400 gold pieces
 78754 | Depths:1 | Bought a potion of cure mutation for 400 gold pieces
 78754 | Depths:1 | Lost mutation: You are dopey. (Int -2) [potion of cure mutation]
 78754 | Depths:1 | Lost mutation: Your spells are a little easier to cast, but a little less powerful. [potion of cure mutation]
 78754 | Depths:1 | Lost mutation: You occasionally shout uncontrollably at your foes. [potion of cure mutation]
 78754 | Depths:1 | Lost mutation: You have sharp toenails. [potion of cure mutation]
 78754 | Depths:1 | Lost mutation: You are clumsy. (Dex -2) [potion of cure mutation]
 78755 | Depths:1 | Lost mutation: You can translocate small distances at will. [potion of cure mutation]
 78755 | Depths:1 | Lost mutation: You regenerate slowly when monsters are visible. [potion of cure mutation]
 78755 | Depths:1 | Lost mutation: You have very sharp teeth. [potion of cure mutation]
 79051 | Vaults:5 | Entered Level 5 of the Vaults
 79090 | Vaults:5 | Received a gift from Okawaru
 79091 | Vaults:5 | Got a pitted war axe {god gift}
 79092 | Vaults:5 | Identified the +11 war axe of Urulun {freeze, Str+2} (Okawaru gifted it to you on level 5 of the Vaults)
 79239 | Vaults:5 | Noticed an ancient lich
 79247 | Vaults:5 | Killed an ancient lich
 79273 | Vaults:5 | Identified Ipiuq's Incunabulum of Weightlessness and Transformation
 79465 | Vaults:5 | Got a fine bronze amulet
 79466 | Vaults:5 | Identified the amulet "Riom" {Reflect Str+3 Slay+5 SH+4} (You found it on level 5 of the Vaults)
 79658 | Vaults:5 | Got a pitted granite ring
 79680 | Vaults:5 | Identified the ring "Bimmof" {rCorr Int+4} (You found it on level 5 of the Vaults)
 79708 | Vaults:5 | Received a gift from Okawaru
 79709 | Vaults:5 | Got a polished hand axe {god gift}
 79710 | Vaults:5 | Identified the +0 hand axe of Victory {pain, *Corrode rElec rN++ SInv} (Okawaru gifted it to you on level 5 of the Vaults)
 79966 | Vaults:5 | Received a gift from Okawaru
 80375 | Vaults:5 | Got a silver rune of Zot
 80570 | Vaults:5 | Got a steaming scale mail
 80571 | Vaults:5 | Identified the +3 scale mail of the Thinker {Dex+5} (You found it on level 5 of the Vaults)
 81228 | Depths:3 | Voluntarily entered the Abyss.
 81632 | Abyss:3  | Got an abyssal rune of Zot
 81691 | Depths:3 | Escaped the Abyss
 81905 | D:11     | You showed the abyssal rune of Zot to enter a treasure trove
 81906 | Trove    | Entered a treasure trove
 81915 | Trove    | Got a transparent cloak
 81917 | Trove    | Got a pitted plate armour
 81929 | Trove    | Got a bloodstained plate armour
 81950 | Trove    | Identified a +1 pair of boots of running (You found it in a treasure trove)
 81981 | Trove    | Identified the +0 cloak "Vockecucru" {Dex+4} (You found it in a treasure trove)
 81991 | Trove    | Identified the +5 plate armour of Autumn {Slay+2} (You found it in a treasure trove)
 82011 | Trove    | Identified the +8 plate armour "Roevoigg" {rPois rN+++ Int-2 SInv} (You found it in a treasure trove)
 82053 | Trove    | Got an emerald-studded chain mail
 82054 | Trove    | Identified the +6 chain mail of Tulips {*Contam rPois Dex+2} (You found it in a treasure trove)
 82057 | Trove    | Got a brightly glowing chain mail
 82058 | Trove    | Identified the +8 chain mail of the Equator {rC+ Str+4 Int+4} (You found it in a treasure trove)
 82266 | Lair:2   | Learned a level 6 spell: Shadow Creatures
 82280 | Lair:2   | Learned a level 9 spell: Tornado
 82293 | Lair:2   | Learned a level 9 spell: Dragon's Call
 82598 | Temple   | Fell from the grace of Okawaru
 82598 | Temple   | Became a worshipper of Makhleb the Destroyer
 82969 | Pan      | Entered Pandemonium
 82982 | Pan      | Found an exit through the horrors of the Abyss.
 83434 | Pan      | Noticed Xunegiati the pandemonium lord
 83460 | Pan      | Reached skill level 1 in Air Magic
 83479 | Pan      | Reached * piety under Makhleb
 83889 | Pan      | Killed Xunegiati the pandemonium lord
 84195 | Pan      | Got a demonic rune of Zot
 84214 | Pan      | Reached ** piety under Makhleb
 84442 | Pan      | Reached skill level 26 in Axes
 84486 | Pan      | Found an exit through the horrors of the Abyss.
 84664 | Pan      | Found an exit through the horrors of the Abyss.
 84697 | Pan      | Noticed Mocetw Ilull the pandemonium lord
 84715 | Pan      | Reached skill level 5 in Stealth
 84739 | Pan      | Killed Mocetw Ilull the pandemonium lord
 84754 | Pan      | Identified a +3 rod of inaccuracy (11/11) (You found it in Pandemonium)
 84780 | Pan      | Reached *** piety under Makhleb
 85210 | Pan      | Found an exit through the horrors of the Abyss.
 85250 | Pan      | Reached **** piety under Makhleb
 85464 | Pan      | Gained mutation: You are clumsy. (Dex -2) [a neqoxec]
 85643 | Pan      | Was forgiven by Okawaru
 85807 | Pan      | Found a huge runed gate.
 85817 | Pan      | Gained mutation: You expend magic power (3 MP) to strengthen your wands. [a neqoxec]
 85828 | Pan      | Reached ***** piety under Makhleb
 85833 | Pan      | Gained mutation: You are dopey. (Int -2) [a neqoxec]
 85834 | Pan      | Noticed Bousep the pandemonium lord
 85846 | Pan      | Gained mutation: You are very dopey. (Int -4) [a neqoxec]
 85848 | Pan      | Killed Bousep the pandemonium lord
 86233 | Pan      | Noticed Defyuhiq the pandemonium lord
 86264 | Pan      | Killed Defyuhiq the pandemonium lord
 86269 | Pan      | Identified Syam's Volume of Dark Rites and Displacement
 86564 | Pan      | Noticed Qyuning the pandemonium lord
 86600 | Pan      | Killed Qyuning the pandemonium lord
 86626 | Depths:3 | Escaped Pandemonium
 86904 | Hell     | Entered the Vestibule of Hell
 86917 | Hell     | Noticed Geryon
 86919 | Hell     | Noticed Murray
 86930 | Hell     | Killed Geryon
 86946 | Hell     | Killed Murray
 87004 | Hell     | Found a gateway to the decaying netherworld of Tartarus.
 87117 | Hell     | Found a gateway to the ashen valley of Gehenna.
 87280 | Hell     | Found a gateway to the Iron City of Dis.
 87342 | Hell     | Reached ****** piety under Makhleb
 87353 | Hell     | Found a gateway to the freezing wastes of Cocytus.
 87921 | Pan      | Entered Pandemonium
 87956 | Pan      | Noticed Sailenol the pandemonium lord
 87960 | Pan      | Reached skill level 5 in Air Magic
 88370 | Pan      | Found an exit through the horrors of the Abyss.
 88434 | Pan      | Killed Sailenol the pandemonium lord
 89179 | Pan      | Noticed Woebaol the pandemonium lord
 89213 | Pan      | Killed Woebaol the pandemonium lord
 89260 | Pan      | Found an exit through the horrors of the Abyss.
 89325 | Pan      | Reached skill level 10 in Stealth
 89578 | Pan      | Noticed Woamn the pandemonium lord
 89599 | Pan      | Paralysed by a floating eye for 3 turns
 89603 | Pan      | Gained mutation: Armour fits poorly on your strangely shaped body. [a cacodemon]
 89615 | Pan      | Killed Woamn the pandemonium lord
 89628 | Pan      | Lost mutation: You are very dopey. (Int -4) [potion of cure mutation]
 89628 | Pan      | Lost mutation: You are clumsy. (Dex -2) [potion of cure mutation]
 89628 | Pan      | Lost mutation: You are dopey. (Int -2) [potion of cure mutation]
 89628 | Pan      | Lost mutation: Armour fits poorly on your strangely shaped body. [potion of cure mutation]
 89628 | Pan      | Lost mutation: You expend magic power (3 MP) to strengthen your wands. [potion of cure mutation]
 89654 | Pan      | Got a twitching platinum ring
 89655 | Pan      | Identified the ring of Laotzab {rElec Str+4 Stlth+} (You found it in Pandemonium)
 90062 | Pan      | Noticed Dijisun the pandemonium lord
 90110 | Pan      | Killed Dijisun the pandemonium lord
 90135 | Pan      | Entered the realm of Lom Lobon.
 90328 | Pan      | Found an exit through the horrors of the Abyss.
 90853 | Pan      | Noticed Lom Lobon
 91295 | Pan      | HP: 10/226 [Lom Lobon/tornado (9)]
 91977 | Pan      | Killed from afar by Lom Lobon

Skill      XL: |  1  2  3  4  5  6  7  8  9 10 11 12 13 14 15 16 17 18 19 20 21 22 23 24 25 26 27 |
---------------+----------------------------------------------------------------------------------+-----
Axes           | 3 4 5 6 7 8 11 12 13 14 15 16 17 18 19 20 21 22 23 24 26 | 26.8
Dodging        | 3 5 6 7 8 9 10 11 12 13 14 15 16 17 18 | 18.8
Evocations     | 2 4 6 7 9 10 | 10.0
Armour         | 2 3 5 6 8 9 10 11 12 13 14 15 16 17 19 | 19.0
Fighting       | 4 5 7 8 9 10 11 12 13 14 15 16 17 18 19 20 | 20.5
Invocations    | 2 6 8 11 12 13 | 13.0
Shields        | 4 6 9 11 13 14 19 | 19.5
Charms         | 2 4 5 |  5.3
Spellcasting   | 2 5 6 7 8 12 | 12.6
Summonings     | 3 6 12 | 12.4
Stealth        | 11 | 11.3
Air Magic      | 6 |  6.6

Action                   |  1- 3 |  4- 6 |  7- 9 | 10-12 | 13-15 | 16-18 | 19-21 | 22-24 | 25-27 || total
-------------------------+-------+-------+-------+-------+-------+-------+-------+-------+-------++-------
Melee: Hand axe          |    96 |   252 |   545 |    27 |       |       |       |     5 |     2 ||   927
       Kick              |       |       |   137 |   224 |   442 |       |       |       |       ||   803
       Dire flail        |       |       |    69 |       |       |       |       |       |       ||    69
       War axe           |       |       |    67 |   562 |  1354 |  1345 |   872 |  1552 |   358 ||  6110
       Morningstar       |       |       |       |       |       |    93 |    31 |       |       ||   124
       Executioner's axe |       |       |       |       |       |     5 |   486 |       |       ||   491
       Bite              |       |       |       |       |       |       |   154 |   365 |   461 ||   980
       Broad axe         |       |       |       |       |       |       |       |    55 |  4231 ||  4286
 Cast: Repel Missiles    |       |       |       |       |       |       |       |     1 |     9 ||    10
       Aura of Abjuratio |       |       |       |       |       |       |       |       |    16 ||    16
       Shadow Creatures  |       |       |       |       |       |       |       |       |     8 ||     8
Invok: Heroism           |       |       |     1 |    10 |    13 |     9 |    12 |     6 |     5 ||    56
       Finesse           |       |       |       |     1 |     3 |     4 |     7 |     2 |     6 ||    23
       Greater Servant o |       |       |       |       |       |       |       |       |     9 ||     9
 Abil: Evoke Berserk Rag |       |       |       |     1 |     4 |       |       |       |       ||     5
       Evoke Flight      |       |       |       |       |     3 |       |       |     8 |     7 ||    18
       Evoke Blink       |       |       |       |       |     2 |       |       |       |       ||     2
       Stop Flying       |       |       |       |       |     1 |       |       |       |       ||     1
       Evoke Invisibilit |       |       |       |       |       |       |     1 |       |       ||     1
Evoke: Wand              |       |       |    14 |     1 |     8 |       |     2 |     4 |     5 ||    34
       Rod               |       |       |       |     3 |    18 |       |       |     2 |       ||    23
  Use: Scroll            |     2 |     3 |     4 |    16 |    12 |    13 |    12 |     9 |    41 ||   112
       Potion            |       |     6 |    12 |     2 |     1 |     3 |     7 |     2 |    31 ||    64
 Stab: Sleeping          |     4 |     9 |     8 |    12 |     5 |       |       |    13 |    38 ||    89
       Paralysed         |       |       |    52 |       |       |       |       |       |       ||    52
       Invisible         |       |       |    15 |       |       |       |       |       |       ||    15
       Distracted        |       |       |     1 |     2 |     2 |       |     4 |     9 |    49 ||    67
       Confused          |       |       |       |       |       |     1 |       |       |       ||     1
  Eat: Chunk             |     2 |     5 |    16 |    22 |    41 |    35 |    36 |    38 |    30 ||   225
       Meat ration       |       |     1 |       |       |       |       |       |       |    10 ||    11
       Fruit             |       |       |     2 |     1 |       |     1 |     2 |       |     2 ||     8
       Beef jerky        |       |       |       |       |       |     1 |       |       |     3 ||     4
       Bread ration      |       |       |       |       |       |       |       |     1 |     6 ||     7
       Royal jelly       |       |       |       |       |       |       |       |     1 |       ||     1
       Pizza             |       |       |       |       |       |       |       |       |     1 ||     1
Armor: Robe              |    20 |    25 |       |    94 |       |       |       |       |       ||   139
       Leather armour    |       |    24 |   130 |       |       |       |       |       |       ||   154
       Skin              |       |       |    38 |       |    28 |       |       |       |    10 ||    76
       Scale mail        |       |       |       |    39 |   380 |       |       |       |       ||   419
       Gold dragon scale |       |       |       |       |   125 |  1074 |   600 |    41 |       ||  1840
       Ice dragon scales |       |       |       |       |       |       |       |   297 |  1063 ||  1360
Dodge: Dodged            |    51 |    64 |   175 |   259 |   551 |   741 |   420 |   462 |  1521 ||  4244
       Deflected         |       |       |       |       |       |       |       |     2 |    27 ||    29
Block: Other             |    14 |     1 |    18 |       |       |       |       |       |       ||    33
       Shield            |       |   189 |   419 |   303 |   458 |  1401 |   287 |       |       ||  3057
       Reflection        |       |     2 |    40 |     2 |       |       |       |       |       ||    44
       Buckler           |       |       |       |       |   135 |       |       |       |       ||   135
       Large shield      |       |       |       |       |       |       |   340 |  1207 |  4145 ||  5692
